 Dungeon Crawl Stone Soup version 0.28.0-53-g5a82cb258f (webtiles) character file.

Game seed: 6825281518105956477

99 sizableburger the Bolt Thrower (level 4, 0/25 HPs)
             Began as a Deep Elf Hunter on Aug 18, 2022.
             Slain by a gnoll
             ... wielding a +0 flail
              (1 damage)
             ... on level 3 of the Dungeon.
             The game lasted 00:04:21 (2308 turns).

sizableburger the Bolt Thrower (Deep Elf Hunter)    Turns: 2308, Time: 00:04:22

Health: 0/25       AC:  4    Str:  9    XL:     4   Next: 45%
Magic:  6/6        EV: 13    Int: 16    God:
Gold:   85         SH:  0    Dex: 17    Spells: 3/3 levels left

rFire   . . .      SeeInvis .   h - +1 short sword (venom)
rCold   . . .      Faith    .   f - orb {light}
rNeg    . . .      Spirit   .   c - +0 leather armour
rPois   .          Reflect  .   (no helmet)
rElec   .          Harm     .   (no cloak)
rCorr   .          Rampage  .   (no gloves)
Will    .....                   i - +0 pair of boots
Stlth   +.........              (no amulet)
HPRegen 0.08/turn               (no ring)
MPRegen 0.10/turn               (no ring)

@: glowing
A: no striking features
a: no special abilities


You were on level 3 of the Dungeon.
You visited 1 branch of the dungeon, and saw 3 of its levels.

You collected 85 gold pieces.

Inventory:

Hand Weapons
 a - a +1 hand crossbow
 h - a +1 short sword of venom (weapon)
Missiles
 d - 35 bolts
 o - a throwing net (quivered)
Armour
 c - a +0 leather armour (worn)
 f - an orb of light (worn)
 i - a +0 pair of boots (worn)
Scrolls
 e - a scroll of identify {unknown}
 g - a scroll of amnesia {unknown}
 j - a scroll of summoning {unknown}
 m - a scroll of teleportation {unknown}
 n - a scroll of enchant armour {unknown}
Potions
 b - a potion of magic
 k - a potion of heal wounds {unknown}
 l - a potion of haste {unknown}
 p - a potion of brilliance {unknown}


   Skills:
 - Level 1.5 Fighting
 + Level 1.9 Short Blades
 + Level 4.3 Crossbows
 + Level 4.0 Dodging
 - Level 1.2 Stealth


You had 3 spell levels left.
You didn't know any spells.
Your spell library was empty.

Dungeon Overview and Level Annotations

Branches:
Dungeon (3/15)

Altars:


Message History

You now have 67 gold pieces (gained 12).
An adder comes into view.
The adder hisses angrily.
You hit the adder but do no damage.
The adder is poisoned.
The adder bites you but does no damage.
You closely miss the adder.
The adder is lightly wounded.
The adder barely misses you. The adder closely misses you.
You barely miss the adder.
The adder is lightly wounded.
The adder closely misses you.
You hit the adder.
The adder looks as sick as possible!
The adder is severely wounded.
You kill the adder!
Your Dodging skill increases to level 4!
No target in view!
You see here an adder corpse.
You now have 85 gold pieces (gained 18).
Found a ring mail.
d - 35 bolts (gained 18)
Found a stone staircase leading up.
p - a sedimented amethyst potion The gnoll shouts!
Found a stone staircase leading down.
The gnoll closely misses you.
You hit the gnoll.
The gnoll is lightly wounded.
The gnoll barely misses you.
You hit the gnoll.
The gnoll is poisoned.
The gnoll is moderately wounded.
The gnoll hits you with a +0 flail!
You barely miss the gnoll.
The gnoll is moderately wounded.
The gnoll shouts!
The gnoll hits you with a +0 flail!
Ouch! That really hurt!
* * * LOW HITPOINT WARNING * * *
Okay, then.
It was a potion of magic.
Magic courses through your body. The gnoll hits you with a +0 flail.
You die...

..........######
...............##
................. .
...............### ..
......##.......#.# ...
......##.....<.#.. ....
......##.####.##.##g....
................g......>
#####....####.#.@###########
#.................#........#
#.#........####.#.#........#
........†#.#....#.#........#
.......#.#...##.#.#........#
.....###..#................#
.....# ##.#................#
.....####..................#
.................##........#


You could see 2 gnolls.

Vanquished Creatures
  A gnoll (D:2)
  3 adders
  A worm (D:2)
  2 dart slugs
  An orc (D:3)
  4 endoplasms
  2 giant cockroaches
  5 goblins
  4 hobgoblins
  7 jackals (D:2)
  6 kobolds
  A quokka (D:2)
  6 ball pythons
  5 frilled lizards
  5 rats
53 creatures vanquished.

Notes
Turn   | Place    | Note
-------+----------+-------------------------------------------
     0 | D:1      | sizableburger the Deep Elf Hunter began the quest for the
                  | Orb.
     0 | D:1      | Reached XP level 1. HP: 12/12 MP: 3/3
   314 | D:1      | Reached XP level 2. HP: 16/16 MP: 4/4
   689 | D:1      | Found a faded altar of an unknown god.
   974 | D:2      | Reached skill level 1 in Short Blades
   996 | D:2      | Reached XP level 3. HP: 17/20 MP: 5/5
  1856 | D:2      | Reached XP level 4. HP: 22/25 MP: 6/6
  2307 | D:3      | HP: 1/25 [gnoll/+0 flail (13)]
  2308 | D:3      | Slain by a gnoll

Illustrated notes

Levels and vault maps discovered:
D:1:      dpeg_arrival_boxes_within_box, layout_basic,
          dreamdust_ecumenical_altar_angels_and_demons, amethyst_killhole
D:2:      layout_loops_ring
D:3:      layout_basic, chequers_serial_rivers_room_b

Skill      XL: |  1  2  3  4 |
---------------+-------------+-----
Dodging        | 3 4 |  4.0
Short Blades   | 1 |  1.9
Crossbows      | 4 |  4.3
Fighting       | |  1.5
Stealth        | |  1.2

Action                   |  1- 3 |  4- 6 || total
-------------------------+-------+-------++-------
Melee: Short sword       |    73 |    28 ||   101
 Fire: Hand crossbow     |    19 |     6 ||    25
  Use: Potion            |       |     1 ||     1
 Stab: Sleeping          |       |     1 ||     1
Armor: Leather armour    |    20 |     3 ||    23
Dodge: Dodged            |    30 |    21 ||    51
